 Dungeon Crawl Stone Soup version 0.29.1-4-g47bece8355 (webtiles) character file.

Game seed: 14248573108241101231

17068 Ragnag the Carver (level 12, -6/100 HPs)
             Began as a Formicid Abyssal Knight on Dec 10, 2022.
             Was a Priest of Lugonu.
             Mangled by a catoblepas (27 damage)
             ... on level 2 of the Lair of Beasts.
             The game lasted 01:22:49 (16318 turns).

Ragnag the Carver (Formicid Abyssal Knight)        Turns: 16318, Time: 01:22:49

Health: -6/100     AC: 11    Str: 19    XL:     12   Next: 78%
Magic:  19/19      EV: 14    Int: 10    God:    Lugonu [***...]
Gold:   875        SH:  6    Dex: 18    Spells: 11/11 levels left

rFire   . . .      SeeInvis +   I - +5 great sword (freeze)
rCold   . . .      Faith    .   D - +0 buckler
rNeg    . . .      Spirit   .   x - +2 leather armour {rPois}
rPois   +          Reflect  .   (helmet unavailable)
rElec   .          Harm     .   c - +2 cloak of the Thief {*Fog Slay-2 SInv Stlth+}
rCorr   .          Rampage  .   C - +0 pair of gloves
Will    +....                   o - +0 pair of boots
Stlth   ++........              (no amulet)
HPRegen 0.26/turn               (no ring)
MPRegen 0.16/turn               (no ring)

@: no status effects
A: permanent stasis, dig shafts and tunnels, antennae 3, four strong arms
a: Dig, Shaft Self, Renounce Religion, Depart the Abyss, Bend Space, Banish


You were on level 2 of the Lair of Beasts.
You worshipped Lugonu.
Lugonu was most pleased with you.
You visited 2 branches of the dungeon, and saw 12 of its levels.
You visited the Abyss 1 time.
You also visited: Ossuary.

You collected 875 gold pieces.

Inventory:

Hand Weapons
 a - a +6 falchion
 u - the +3 quarterstaff of Ygisupas {freeze, Str+9 Dex-4}
   (You took it off a gnoll on level 4 of the Dungeon)

   It freezes those it strikes, dealing additional cold damage.
   It can also slow down cold-blooded creatures.
   Str:       It affects your strength (+9).
   Dex:       It affects your dexterity (-4).
 E - a +2 dagger of speed
 I - a +5 great sword of freezing (weapon)
Missiles
 b - 9 boomerangs (quivered)
 r - 10 poisoned darts
 A - 2 javelins
Armour
 c - the +2 cloak of the Thief (worn) {*Fog Slay-2 SInv Stlth+}
   (You acquired it on level 5 of the Dungeon)

   It may release a thick cloud of smoke when the wearer is hurt.
   Slay:      It affects your accuracy & damage with ranged weapons and melee
   (-2).
   SInv:      It lets you see invisible.
   Stlth:     It makes you more stealthy.
 f - a +0 plate armour
 g - a +2 ring mail of cold resistance
 o - a +0 pair of boots (worn)
 x - a +2 leather armour of poison resistance (worn)
 C - a +0 pair of gloves (worn)
 D - a +0 buckler (worn)
Jewellery
 t - a ring of flight
Wands
 e - a wand of mindburst (11)
 i - a wand of polymorph (9)
 y - a wand of flame (28)
 H - a wand of paralysis (4)
Scrolls
 d - a scroll of torment
 h - 6 scrolls of immolation
 j - a scroll of magic mapping
 l - a scroll of summoning
 q - a scroll of noise {unknown}
 s - a scroll of vulnerability {unknown}
 w - a scroll of brand weapon {unknown}
 L - 4 scrolls of fear
 O - a scroll of butterflies
Potions
 k - 3 potions of might
 m - 3 potions of lignification
 n - a potion of heal wounds
 p - 3 potions of curing
 v - a potion of haste {unknown}
 z - a potion of brilliance {unknown}
 B - a potion of invisibility
 F - a potion of magic {unknown}
 G - a potion of attraction {unknown}
 J - a potion of resistance
 K - 10 potions of ambrosia
 M - a potion of mutation
Miscellaneous
 N - a phantom mirror (inert)


   Skills:
 + Level 11.1 Fighting
 * Level 12.9 Long Blades
 - Level 7.3 Armour
 + Level 4.9 Dodging
 - Level 5.0 Shields
 - Level 10.0 Invocations


You had 11 spell levels left.
You didn't know any spells.
Your spell library contained the following spells:

 Spells                   Type           Power      Damage    Failure   Level
 Foxfire                  Conj/Fire      0%         2x1d4     47%         1
 Magic Dart               Conj           0%         1d3       47%         1
 Call Imp                 Summ           0%         N/A       63%         2
 Conjure Flame            Conj/Fire      0%         6-21      85%         3
 Gell's Gravitas          Tloc           0%         N/A       85%         3
 Inner Flame              Hex/Fire       0%         N/A       85%         3
 Lesser Beckoning         Tloc           0%         N/A       85%         3
 Mephitic Cloud           Conj/Pois/Air  0%         N/A       85%         3
 Teleport Other           Tloc           0%         N/A       85%         3
 Cause Fear               Hex            0%         N/A       99%         4
 Flame Wave               Conj/Fire      0%         2d4       99%         4
 Fireball                 Conj/Fire      0%         3d3       100%        5
 Dispersal                Tloc           0%         N/A       100%        6
 Starburst                Conj/Fire      0%         6d3       100%        6
 Discord                  Hex            0%         N/A       100%        8
 Ignition                 Fire           0%         3d3       100%        8


Dungeon Overview and Level Annotations

Branches:
Dungeon (10/15)            Temple (0/1) D:4            Lair (2/5) D:10
    Orc (0/2) D:9         Ossuary (visited)
  Swamp: Lair:2-3    Shoals: Lair:2-3     Snake: Lair:2-3    Spider: Lair:2-3

Altars:
Ashenzari
Zin

Shops:
D:10 (

Annotations:
D:9 corrupted
Abyss:1 Erica, Grum


Innate Abilities, Weirdness & Mutations

You cannot be hasted, slowed, berserked, paralysed or teleported.
You can dig through walls and to a lower floor.
You have a pair of large antennae on your head. (SInv)
Your four strong arms can wield two-handed weapons with a shield.


Message History

The blast of calcifying dust hits you.
Unknown command.
Unknown command.
A nearby fungus withers and dies.
The catoblepas gores you!!
With a swish of your cloak, you release a cloud of fog.
Unknown command.
Unknown command.
You hit the catoblepas. You freeze the catoblepas.
The catoblepas is moderately wounded.
The catoblepas closely misses you.
Unknown command.
Unknown command.
You barely miss the catoblepas.
The catoblepas is moderately wounded.
The catoblepas barely misses you.
Unknown command.
Unknown command.
You slash the catoblepas! You freeze the catoblepas!
The catoblepas is heavily wounded.
The catoblepas gores you!!
Unknown command.
Unknown command.
You slash the catoblepas! You freeze the catoblepas.
The catoblepas is severely wounded.
The catoblepas barely misses you.
Unknown command.
Unknown command.
You hit the catoblepas but do no damage.
The catoblepas is severely wounded.
The catoblepas breathes a plume of calcifying dust at you.
The blast of calcifying dust hits you but does no damage.
You barely miss the catoblepas.
The catoblepas is severely wounded.
The catoblepas gores you!
* * * LOW HITPOINT WARNING * * *
You slash the catoblepas! You freeze the catoblepas.
The catoblepas is almost dead.
The komodo dragon is no longer petrified.
The catoblepas gores you!!
You die...

.. ...... .....
#....##
#+..#.##.....######P
.#....+.#............
.....................
.........§§§§.......
.........§§§§.......
.........§§@§#.#
.........§§lY§# #
.#P..###.§§§<###P####
## ###............#
####.##.....##....#
##.......§..## ....#
#.....##....# ..##
########....# ##
#....#


You could see a catoblepas and a komodo dragon.

Vanquished Creatures
  Gastronok (D:8)
  A centaur warrior (D:10)
  A two-headed ogre (D:5)
  A cyclops (D:10)
  Joseph (D:10)
  A black mamba (Lair:1)
  3 cane toads (Lair:1)
  3 komodo dragons (Lair:1)
  A spectral unseen horror (D:9)
  A rime drake (Lair:1)
  2 trolls
  3 blink frogs (Lair:1)
  Prince Ribbit (D:8)
  A vampire (D:10)
  15 yaks
  A wyvern (D:10)
  2 wraiths (D:9)
  3 basilisks (D:10)
  6 water moccasins
  5 orc warriors
  2 black bears (D:10)
  An ice beast (D:7)
  2 centaurs
  6 wolves
  An elf zombie (Ossuary)
  A phantom (D:7)
  6 bullfrogs
  2 scorpions (D:5)
  27 wights
  2 killer bees (D:9)
  3 howler monkeys
  3 centaur zombies
  3 hounds
  6 orc priests
  2 gnoll boudas
  2 centaur skeletons (D:9)
  An iguana (D:10)
  4 orc wizards
  2 mummies (Ossuary)
  17 gnolls
  6 adders
  2 shadow imps
  2 white imps
  An ufetubus (D:4)
  2 worms
  4 dart slugs
  36 orcs
  2 bats
  9 endoplasms
  2 giant cockroaches
  A gnoll zombie (Ossuary)
  6 goblins
  5 hobgoblins
  2 jackals (D:3)
  6 kobolds
  4 quokkas
  5 ball pythons
  2 frilled lizards (D:1)
  5 goblin zombies (Ossuary)
  4 hobgoblin zombies (Ossuary)
  2 orc zombies (Ossuary)
  7 rats
261 creatures vanquished.

Vanquished Creatures (collateral kills)
  A gnoll (D:2)
1 creature vanquished.

Vanquished Creatures (others)
  A queen bee (D:9)
  23 killer bees (D:9)
  2 fungi
  10 plants
  2 starspawn tentacles (D:9)
38 creatures vanquished.

Grand Total: 300 creatures vanquished

Notes
Turn   | Place    | Note
-------+----------+-------------------------------------------
     0 | Abyss:1  | Ragnag the Formicid Abyssal Knight began the quest for the
                  | Orb.
     0 | Abyss:1  | Reached XP level 1. HP: 18/18 MP: 2/2
     1 | D:1      | Escaped the Abyss
   105 | D:1      | Reached skill level 1 in Dodging
   252 | D:1      | Reached XP level 2. HP: 24/24 MP: 3/3
   402 | D:1      | Found a faded altar of an unknown god.
  1042 | D:1      | Reached XP level 3. HP: 25/29 MP: 4/4
  1870 | D:2      | Reached skill level 3 in Long Blades
  1870 | D:2      | Reached XP level 4. HP: 33/37 MP: 6/6
  2543 | D:3      | Reached *** piety under Lugonu
  2575 | D:3      | Reached XP level 5. HP: 42/42 MP: 7/7
  3172 | D:4      | Found a staircase to the Ecumenical Temple.
  3442 | D:4      | Identified the +3 quarterstaff of Ygisupas {freeze, Str+9
                  | Dex-4}
  4144 | D:5      | Entered Level 5 of the Dungeon
  4274 | D:5      | Reached skill level 4 in Long Blades
  4274 | D:5      | Reached XP level 6. HP: 48/48 MP: 8/8
  4527 | D:5      | Noticed an orc warrior
  4530 | D:5      | Identified a scroll of acquirement
  4530 | D:5      | Acquired the +2 cloak of the Thief {*Fog Slay-2 SInv
                  | Stlth+}
  4530 | D:5      | Found the +2 cloak of the Thief {*Fog Slay-2 SInv Stlth+}
  4759 | D:5      | Reached XP level 7. HP: 55/55 MP: 10/10
  5019 | D:5      | Noticed a two-headed ogre
  5035 | D:5      | Killed a two-headed ogre
  5036 | D:5      | Reached skill level 5 in Fighting
  5036 | D:5      | Reached skill level 6 in Long Blades
  5036 | D:5      | Reached skill level 5 in Invocations
  5036 | D:5      | Reached XP level 8. HP: 23/63 MP: 4/12
  5716 | D:6      | Reached skill level 5 in Armour
  6199 | D:6      | Reached **** piety under Lugonu
  6232 | D:6      | Reached XP level 9. HP: 63/69 MP: 13/13
  6236 | D:6      | Reached skill level 7 in Long Blades
  6416 | D:6      | Identified the +1 helmet of Tautaisk {rN+ Dex+3}
  7365 | D:7      | Found a sand-covered staircase.
  7377 | Ossuary  | Entered an ossuary
  7965 | D:7      | Reached skill level 8 in Long Blades
  8300 | D:7      | Reached skill level 1 in Shields
  8901 | D:8      | Noticed Grum
  9178 | D:7      | Reached XP level 10. HP: 31/78 MP: 15/15
  9649 | D:8      | Noticed Prince Ribbit
  9678 | D:8      | Killed Prince Ribbit
 10254 | D:8      | Reached skill level 5 in Shields
 10270 | D:8      | Banished Grum
 10282 | D:8      | HP: 3/80 [bullfrog (5)]
 10550 | D:8      | Noticed Gastronok
 10645 | D:8      | Killed Gastronok
 10646 | D:8      | Reached skill level 9 in Long Blades
 11626 | D:9      | Found a glowing silver altar of Zin.
 11631 | D:9      | Found a broken altar of Ashenzari.
 12033 | D:9      | Reached XP level 11. HP: 58/87 MP: 17/17
 12180 | D:9      | Noticed a two-headed ogre
 12222 | D:9      | Banished a two-headed ogre
 12223 | D:9      | Reached skill level 10 in Long Blades
 12357 | D:9      | Found a staircase to the Orcish Mines.
 12633 | D:9      | Corrupted D:9
 12633 | D:9      | Noticed a thrashing horror
 12633 | D:9      | Noticed a large abomination
 12633 | D:9      | Noticed a glowing orange brain
 12633 | D:9      | Noticed a great orb of eyes
 12633 | D:9      | Noticed a balrug
 12633 | D:9      | Noticed a tentacled monstrosity
 12633 | D:9      | Noticed a tentacled starspawn
 12633 | D:9      | Noticed a hell knight
 12634 | D:9      | Noticed a reaper
 12634 | D:9      | Noticed a lich
 12634 | D:9      | Noticed a bone dragon
 12638 | D:9      | Noticed a worldbinder
 12642 | D:9      | Noticed a thrashing horror
 12644 | D:9      | Noticed a large abomination
 12650 | D:9      | Noticed a tentacled starspawn
 12663 | D:9      | HP: 2/87 [bone dragon[Lugonu's corruption] (10)]
 12664 | D:9      | Noticed a tentacled starspawn
 12954 | D:10     | Entered Level 10 of the Dungeon
 12965 | D:10     | Noticed a cyclops
 13041 | D:10     | Found a staircase to the Lair.
 13365 | D:10     | Reached skill level 10 in Invocations
 13497 | D:10     | Noticed Joseph
 13498 | D:10     | Found Qymyirist's Weapon Shop.
 13501 | D:10     | Killed Joseph
 13653 | D:10     | Noticed Erica
 13656 | D:10     | Banished Erica
 13657 | D:10     | Reached skill level 11 in Long Blades
 13781 | D:10     | Noticed a centaur warrior
 13851 | D:10     | Noticed a seven-headed hydra
 13858 | D:10     | Banished a seven-headed hydra
 13866 | D:10     | Killed a centaur warrior
 13867 | D:10     | Reached skill level 10 in Fighting
 14180 | D:10     | Reached XP level 12. HP: 97/97 MP: 19/19
 14655 | Lair:1   | Entered Level 1 of the Lair of Beasts
 14786 | Lair:1   | Reached skill level 12 in Long Blades
 16226 | Lair:2   | Noticed a catoblepas
 16318 | Lair:2   | Mangled by a catoblepas

Illustrated notes

Levels and vault maps discovered:
D:1:      psy_arrival_basics, layout_loops_cross,
          hellmonk_ecumenical_altar_blasted, corexii_leaking_fountain,
          dreamdust_mushroom_princess, serial_bayou_pond_a
D:2:      layout_basic
D:3:      layout_basic, minmay_fractal_squares_diagonal_5
D:4:      layout_loops_ring, minmay_temple_entry_slanted, amethyst_killhole
D:5:      layout_cave_pods
D:6:      layout_loops_ring
D:7:      layout_gridville, lightli_ossuary_entry_decrepit_ruins
D:8:      layout_gridville, uniq_prince_ribbit1, uniq_gastronok, uniq_grum
D:9:      layout_rooms, mainiacjoe_overflow_big_doors, david_orc_1_choice,
          special_room [special_room_bee], hangedman_weighted_door
D:10:     layout_rooms, minmay_lair_entry_grove, serial_shops,
          nicolae_shop_trees, minmay_checkerbox, uniq_joseph, uniq_erica
Lair:1:   layout_roguey, grunt_megastairs_1
Lair:2:   layout_regular_city

Skill      XL: |  1  2  3  4  5  6  7  8  9 10 11 12 |
---------------+-------------------------------------+-----
Dodging        | 1 2 4 |  4.9
Long Blades    | 3 4 6 8 9 11 12 | 12.9
Invocations    | 3 4 5 7 9 10 | 10.0
Fighting       | 4 5 6 7 8 10 11 | 11.1
Armour         | 3 4 5 6 7 |  7.3
Shields        | 3 5 |  5.0

Action                   |  1- 3 |  4- 6 |  7- 9 | 10-12 || total
-------------------------+-------+-------+-------+-------++-------
Melee: Falchion          |    75 |   119 |   190 |    15 ||   399
       Punch             |       |     2 |     2 |       ||     4
       Quarterstaff      |       |    46 |    97 |     2 ||   145
       Great sword       |       |       |    26 |   380 ||   406
Throw: Stone             |    11 |    21 |    14 |       ||    46
       Dart              |       |    21 |    16 |    51 ||    88
       Javelin           |       |       |     4 |     8 ||    12
       Boomerang         |       |       |    48 |    32 ||    80
Invok: Banish            |       |       |     2 |    12 ||    14
       Bend Space        |       |       |     3 |     1 ||     4
       Corrupt           |       |       |       |     1 ||     1
Evoke: Wand              |       |       |       |     1 ||     1
       Phantom mirror    |       |       |       |     1 ||     1
  Use: Scroll            |     2 |     5 |     5 |    10 ||    22
       Potion            |       |     1 |     3 |     9 ||    13
 Stab: Sleeping          |     1 |       |     1 |     1 ||     3
Armor: Leather armour    |     5 |       |       |    39 ||    44
       Ring mail         |     9 |    53 |   133 |   205 ||   400
       Scale mail        |       |     4 |       |       ||     4
Dodge: Dodged            |    48 |    84 |   163 |   223 ||   518
Block: Buckler           |       |       |    13 |   115 ||   128
